 Dungeon Crawl Stone Soup version 0.23-a0-819-g6debee6 (webtiles) character file.

1417 zishaf the Cutter (level 8, -7/42 HPs)
             Began as a Vine Stalker Assassin on Jan 22, 2019.
             Killed from afar by Ijyb (9 damage)
             ... with a wand of acid (12)
             ... on level 5 of the Dungeon.
             The game lasted 00:09:33 (4066 turns).

zishaf the Cutter (Vine Stalker Assassin)           Turns: 4066, Time: 00:09:33

Health: -7/42      AC:  9    Str: 16    XL:     8   Next: 71%
Magic:  0/9        EV:  5    Int: 16    God:
Gold:   223        SH:  5    Dex: 16    Spells: 7/7 levels left

rFire    . . .     SeeInvis .   w - +0 dagger (venom)
rCold    . . .     Gourm    .   E - +0 buckler
rNeg     . . .     Faith    .   h - +0 plate armour
rPois    .         Spirit   +   (no helmet)
rElec    .         Reflect  .   d - +0 cloak
rCorr    .         Harm     .   (no gloves)
MR       +....                  (no boots)
Stlth    ..........             (no amulet)
HPRegen  0.54/turn              o - +5 ring of intelligence
MPRegen  0.11/turn              u - +4 ring of protection

@: corroded
A: fangs 3, regeneration 1, magic shield, antimagic bite, no potion heal 3, rot
immunity
a: no special abilities


You were on level 5 of the Dungeon.
You were not hungry.

You visited 1 branch of the dungeon, and saw 5 of its levels.

You collected 223 gold pieces.

Inventory:

Hand Weapons
 a - a +2 dagger
 b - a +0 hunting sling
 w - a +0 dagger of venom (weapon)
 x - a +0 blowgun
Missiles
 e - 8 poisoned needles
 f - 2 curare-tipped needles
 i - 14 sling bullets
 p - 131 stones (quivered)
 G - 3 steel tomahawks
Armour
 d - a +0 cloak (worn)
 h - a +0 plate armour (worn)
 E - a +0 buckler (worn)
Jewellery
 o - a +5 ring of intelligence (left hand)
 u - a +4 ring of protection (right hand)
 C - an uncursed ring of fire
Wands
 K - a wand of digging (3)
 L - a wand of flame (7)
Scrolls
 l - a scroll of fog {unknown}
 m - a scroll of enchant armour {unknown}
 s - 5 scrolls of identify {unknown}
 t - a scroll of remove curse {unknown}
 v - 2 scrolls of amnesia {unknown}
 y - 2 scrolls of teleportation {unknown}
 A - a scroll of random uselessness {unknown}
 D - a scroll of noise {unknown}
 I - 2 scrolls of enchant weapon {unknown}
Potions
 c - 2 potions of ambrosia {unknown}
 j - a potion of brilliance {unknown}
 k - 2 potions of degeneration {unknown}
 n - a potion of agility {unknown}
 q - 3 potions of heal wounds {unknown}
 r - 2 potions of berserk rage {unknown}
 z - a potion of lignification {unknown}
 F - a potion of mutation {unknown}
 H - 2 potions of cancellation {unknown}
 J - 2 potions of curing {unknown}
 M - a potion of magic {unknown}
Comestibles
 g - 10 rations


   Skills:
 + Level 4.5 Fighting
 + Level 5.4 Short Blades
 - Level 1.7 Throwing
 + Level 4.5 Armour
 - Level 1.0 Dodging
 - Level 5.0 Stealth
 + Level 3.8 Shields


You had 7 spell levels left.
You didn't know any spells.
Your spell library was empty.

Dungeon Overview and Level Annotations

Branches:
Dungeon (5/15)
 Temple: D:4-7

Altars:
Cheibriados
Ru

Shops:
D:3 =   D:4 =

Annotations:
D:5 Ijyb


Innate Abilities, Weirdness & Mutations

You have razor-sharp teeth.
Your natural rate of healing is unusually fast.
When hurt, damage is shared between your health and your magic reserves.
Your bite disrupts and absorbs the magic of your enemies.
Potions cannot restore your health.
You are immune to rotting.


Message History

Your +0 dagger of venom begins to drip with poison!
w - a +0 dagger of venom (weapon)
Ijyb zaps a wand.
The bolt of acid hits you! The acid corrodes you!
You are splashed with acid!
Ijyb hits you but does no damage.
Found a ration.
You hit Ijyb.
Ijyb is poisoned.
Ijyb is moderately wounded.
Ijyb zaps a wand.
The bolt of acid hits you!!
* * * LOW HITPOINT WARNING * * *
The acid corrodes you!
You are splashed with acid!
* * * LOW HITPOINT WARNING * * *
You hit Ijyb but do no damage.
Ijyb looks as sick as possible!
Your bite misses Ijyb.
Ijyb is moderately wounded.
You hit Ijyb but do no damage.
Ijyb looks as sick as possible!
You bite Ijyb. You drain her power.
You feel invigorated.
Ijyb is moderately wounded.
Ijyb zaps a wand.
The bolt of acid hits you!
You die...

#.....#.....# ..#
#.....#.....#...#
#...........#...# #.
#..............(# #..
#.............(..
#...#............(...
#...#................
#............@g.....%
#............(#......
.##............#
.....
.........#....## ....
.........#....## ###
...........#.......
..#........#..[....
..#........#........
..#.#+####..........


You could see Ijyb.

Vanquished Creatures
  Pikel (D:3)
  Eustachio (D:3)
  An ice beast (D:5)
  An orc warrior (D:3)
  2 slaves (D:3)
  3 ogres
  Blork the orc (D:4)
  A crimson imp (D:2)
  2 orc priests
  A hound (D:4)
  Natasha (twice) (D:4)
  An orc wizard (D:3)
  A hound skeleton (D:4)
  A worker ant zombie (D:5)
  5 adders
  An adder skeleton (D:4)
  4 worms
  6 dart slugs
  4 leopard geckos
  10 orcs
  A ball python (D:2)
  3 giant cockroaches
  8 goblins
  6 hobgoblins
  4 jackals (D:2)
  7 kobolds
  A quokka (D:4)
  8 bats
  6 frilled lizards
  A jackal skeleton (D:4)
  2 rats (D:2)
96 creatures vanquished.

Vanquished Creatures (others)
  A slave (D:4)
  Natasha (D:4)
  An orc wizard (D:4)
  2 orcs (D:4)
5 creatures vanquished.

Grand Total: 101 creatures vanquished

Notes
Turn   | Place    | Note
-------+----------+-------------------------------------------
     0 | D:1      | zishaf the Vine Stalker Assassin began the quest for the
                  | Orb.
     0 | D:1      | Reached XP level 1. HP: 11/11 MP: 2/2
   166 | D:1      | Reached skill level 1 in Dodging
   193 | D:1      | Reached skill level 5 in Stealth
   193 | D:1      | Reached XP level 2. HP: 11/15 MP: 3/3
   422 | D:1      | Reached skill level 1 in Armour
   580 | D:1      | Reached XP level 3. HP: 16/18 MP: 4/4
  1266 | D:2      | Gained mutation: Your natural rate of healing is unusually
                  | fast. [Vine Stalker growth]
  1266 | D:2      | Reached XP level 4. HP: 23/23 MP: 5/5
  1427 | D:2      | Reached XP level 5. HP: 26/26 MP: 6/6
  2584 | D:4      | Noticed an orc warrior
  2644 | D:4      | Noticed an ogre
  2745 | D:3      | Killed an ogre
  2745 | D:3      | Reached skill level 1 in Shields
  2745 | D:3      | Reached XP level 6. HP: 18/32 MP: 3/7
  2856 | D:4      | Found Xaisas's Jewellery Emporium.
  2856 | D:4      | Noticed Natasha
  2860 | D:4      | Killed Natasha
  2861 | D:4      | Noticed a slave
  2883 | D:3      | Killed a slave
  2897 | D:4      | Noticed a slave
  2897 | D:4      | Noticed a slave
  2901 | D:4      | Noticed a slave
  2901 | D:4      | Noticed Pikel
  2922 | D:3      | Killed a slave
  2975 | D:3      | Killed Pikel
  2975 | D:3      | Reached XP level 7. HP: 36/36 MP: 8/8
  3167 | D:4      | Gained mutation: You have razor-sharp teeth. [Vine Stalker
                  | growth]
  3167 | D:4      | Reached XP level 8. HP: 39/42 MP: 7/9
  3268 | D:4      | Found a snail-covered altar of Cheibriados.
  3345 | D:4      | Noticed Natasha
  3348 | D:4      | Noticed Blork the orc
  3355 | D:4      | Killed Natasha
  3364 | D:4      | Killed Blork the orc
  3387 | D:4      | Noticed Eustachio
  3417 | D:3      | Reached skill level 5 in Short Blades
  3497 | D:3      | Killed Eustachio
  3689 | D:4      | Found a sacrificial altar of Ru.
  3908 | D:4      | Killed Natasha
  3999 | D:5      | Entered Level 5 of the Dungeon
  4057 | D:5      | Noticed Ijyb
  4064 | D:5      | HP: 2/42 [acid (7)]
  4066 | D:5      | Killed from afar by Ijyb

Vault maps used:
D:1:      lemuel_arrival_funnel, nrook_mini_vaults, item_on_display_a
D:2:      grunt_ministairs_15, minmay_misc_feat_encased
D:3:      minmay_misc_feat_pillars
D:4:      kennysheep_slug_shrine, nicolae_ru_sacrificial_ziggurat, serial_shops,
          shop, uniq_pikel, uniq_natasha, uniq_blork_the_orc, uniq_eustachio
D:5:      led_xom_imps, first_ration, basic_altar, uniq_ijyb

Skill      XL: |  1  2  3  4  5  6  7  8 |
---------------+-------------------------+-----
Dodging        | 1 |  1.0
Short Blades   | 2 3 4 5 |  5.4
Stealth        | 5 |  5.0
Armour         | 1 2 3 4 |  4.5
Fighting       | 2 3 4 |  4.5
Shields        | 1 2 3 |  3.8
Throwing       | |  1.7

Action                   |  1- 3 |  4- 6 |  7- 9 || total
-------------------------+-------+-------+-------++-------
Melee: Dagger            |   131 |   127 |   122 ||   380
       Bite              |    37 |    44 |    41 ||   122
 Fire: Hunting sling     |       |     2 |    21 ||    23
  Eat: Chunk             |     1 |     4 |     2 ||     7
       Ration            |       |     1 |       ||     1
Armor: Plate armour      |    91 |    86 |    65 ||   242
Dodge: Dodged            |    26 |    24 |     7 ||    57
Block: Buckler           |       |     8 |    30 ||    38

Table legend:
 A = Non-vault XP
 B = Vault XP
 C = Vault XP percentage of total XP
 D = Non-vault monster count
 E = Vault monster count
 F = Vault count percentage of total count
                 A         B        C        D         E       F
            +---------+---------+-------+---------+---------+-------
      Total |    1098 |     927 |  45.8 |      88 |       7 |   7.4
            +---------+---------+-------+---------+---------+-------
        D:1 |      34 |       0 |   0.0 |      18 |       0 |   0.0
        D:2 |      86 |      51 |  37.2 |      30 |       2 |   6.2
        D:3 |     496 |     746 |  60.1 |      23 |       2 |   8.0
        D:4 |     322 |     130 |  28.8 |      14 |       3 |  17.6
        D:5 |     160 |       0 |   0.0 |       3 |       0 |   0.0
            +---------+---------+-------+---------+---------+-------
